 Dungeon Crawl Stone Soup version 0.18.1-1-g2f07953 (webtiles) character file.

96 Danakh the Chopper (level 4, -9/40 HPs)
             Began as a Minotaur Fighter on May 14, 2016.
             Was a Believer of Pakellas.
             Mangled by an orc priest
             ... wielding a +2 hand axe of electrocution
              (18 damage)
             ... on level 3 of the Dungeon.
             The game lasted 00:04:11 (1523 turns).

Danakh the Chopper (Minotaur Fighter)               Turns: 1523, Time: 00:04:12

Health: -9/40      AC: 15    Str: 21    XL:     4   Next: 41%
Magic:  9/12       EV:  4    Int:  5    God:    Pakellas [**....]
Gold:   98         SH:  9    Dex: 10    Spells: 0 memorised, 3 levels left

rFire  . . .     SeeInvis .     a - +0 war axe
rCold  . . .     Gourm    .     g - +0 plate armour
rNeg   . . .     Faith    .     c - +0 shield
rPois  +         Spirit   .     (helmet restricted)
rElec  .         Dismiss  .     u - +2 cloak {rPois}
rCorr  .         Reflect  .     (no gloves)
SustAt +         Harm     .     (no boots)
MR     .....                    (no amulet)
Stlth  ..........               s - ring of magical power
                                m - ring of sustain attributes

@: not resistant to hostile enchantments, extremely unstealthy
A: retaliatory headbutt, horns 2
a: Quick Charge, Renounce Religion


You were on level 3 of the Dungeon.
You worshipped Pakellas.
Pakellas was pleased with you.
You were hungry.

You visited 1 branch of the dungeon, and saw 3 of its levels.

You collected 98 gold pieces.

Inventory:

Hand Weapons
 a - a +0 war axe (weapon)
Armour
 b - a +0 scale mail
 c - a +0 shield (worn)
 g - a +0 plate armour (worn)
 u - a +2 cloak of poison resistance (worn)
Jewellery
 m - a ring of sustain attributes (left hand)
 s - a ring of magical power (right hand)
Wands
 l - a wand of flame (28/48)
 t - a wand of polymorph (7/24)
Scrolls
 h - 2 scrolls of identify {unknown}
 i - a scroll of immolation {unknown}
 r - a scroll of remove curse {unknown}
Potions
 d - a potion of might
 e - a potion of agility {unknown}
 j - a potion of lignification {unknown}
 k - a potion of invisibility {unknown}
 n - a potion of curing {unknown}
 p - a potion of resistance {unknown}
 q - a potion of haste {unknown}
Comestibles
 f - 4 bread rations
 o - 2 meat rations


   Skills:
 + Level 4.1 Fighting
 * Level 4.3 Axes
 + Level 4.2 Armour
 + Level 4.0 Shields
 + Level 0.5 Evocations


You had 3 spell levels left.
You didn't know any spells.

Dungeon Overview and Level Annotations

Branches:
Dungeon (3/15)

Altars:
Kikubaaqudgha
Pakellas
Trog
Yredelemnul


Innate Abilities, Weirdness & Mutations

You reflexively headbutt those who attack you in melee.
You have a pair of horns on your head.


Message History

You block the orc's attack.
The orc priest looks braver for a moment.
Your shield and plate armour prevent you from hitting the orc priest.
Your headbutt misses the orc priest.
The orc priest is moderately wounded.
You closely miss the orc.
The orc priest calls down the wrath of Beogh upon you.
Beogh smites you!
* * * LOW HITPOINT WARNING * * *
The orc hits you but does no damage.
You are too injured to fight recklessly!
Unknown command.
You are too injured to fight recklessly!
Your shield and plate armour prevent you from hitting the orc priest.
The orc priest is moderately wounded.
You hit the orc but do no damage.
The orc priest hits you but does no damage.
You are electrocuted!
You die...
Pakellas says: Time to start the next experiment...

#. #.##.# #
#.##.# ##
#.##.####...
#...†.....)##
####.........
...#####.###.....
......).(.##..##
........).o...#
#.####...@##..#
#..$)o....).
.............##
######.........
#.###..### #..
.... ### ....
....


You could see an orc priest and an orc.

Vanquished Creatures
  Crazy Yiuf (D:2)
  2 adders (D:3)
  A dart slug (D:2)
  4 orcs (D:3)
  4 giant cockroaches
  5 goblins (D:1)
  4 hobgoblins
  2 jackals (D:2)
  5 kobolds
  A quokka (D:2)
  8 bats
  5 rats
42 creatures vanquished.

Notes
Turn   | Place    | Note
--------------------------------------------------------------
     0 | D:1      | Danakh the Minotaur Fighter began the quest for the Orb.
     0 | D:1      | Reached XP level 1. HP: 19/19 MP: 0/0
   225 | D:1      | Reached XP level 2. HP: 27/27 MP: 1/1
   782 | D:2      | Found a faded altar to an unknown god.
   787 | D:2      | Found an ancient bone altar of Kikubaaqudgha.
   789 | D:2      | Became a worshipper of Pakellas the Inventive
   789 | D:2      | Reached * piety under Pakellas
   789 | D:2      | Received a gift from Pakellas
   805 | D:2      | Reached XP level 3. HP: 32/33 MP: 2/2
   865 | D:2      | Found a basalt altar of Yredelemnul.
   870 | D:2      | Found a bloodstained altar of Trog.
  1240 | D:2      | Noticed Crazy Yiuf
  1254 | D:2      | Killed Crazy Yiuf
  1485 | D:3      | Reached XP level 4. HP: 35/40 MP: 3/3
  1517 | D:3      | Reached ** piety under Pakellas
  1517 | D:3      | Received a gift from Pakellas
  1523 | D:3      | Mangled by an orc priest

Skill      XL: |  1  2  3 |
---------------+----------+-----
Axes           | 3 4 |  4.3
Armour         | 4 |  4.2
Fighting       | 4 |  4.1
Shields        | 4 |  4.0
Evocations     | |  0.5

Action                   |  1- 3 |  4- 6 || total
-------------------------+-------+-------++-------
Melee: War axe           |    90 |    19 ||   109
       Headbutt          |    11 |     1 ||    12
       Unarmed           |    12 |       ||    12
  Eat: Beef jerky        |     1 |       ||     1
Armor: Plate armour      |    86 |    14 ||   100
Dodge: Dodged            |    29 |     8 ||    37
Block: Shield            |    54 |    12 ||    66
